 Dungeon Crawl Stone Soup version 0.31.0-11-ge490571c62 (webtiles) character file.

Game seed: 12091488303116834600

130 Doomgape the Trooper (level 5, -3/34 HPs)
             Began as a Gargoyle Fighter on Feb 7, 2024.
             Slain by a gnoll
             ... wielding a +0 halberd
              (10 damage)
             ... on level 3 of the Dungeon.
             The game lasted 00:02:08 (1737 turns).

Doomgape the Trooper (Gargoyle Fighter)             Turns: 1737, Time: 00:02:08

Health: -3/34      AC: 11    Str: 22    XL:     5   Next: 13%
Magic:  5/5        EV:  9    Int: 14    God:
Gold:   59         SH:  4    Dex:  9    Spells: 4/4 levels left

rFire   . . .        a - +0 flail
rCold   . . .        c - +0 buckler
rNeg    + . .        b - +0 scale mail
rPois   ∞            (no helmet)
rElec   +            (no cloak)
rCorr   .            (no gloves)
SInv    .            (no boots)
Will    .....        (no amulet) Stlth
                     k - +6 ring of intelligence
HPRegen 0.25/turn    (no ring)
MPRegen 0.09/turn

%: no passive effects
@: no status effects
A: sickness immunity, AC +4, negative energy resistance 1, electricity
resistance, torment resistance 1, petrification resistance
a: no special abilities


You were on level 3 of the Dungeon.
You visited 1 branch of the dungeon, and saw 3 of its levels.

You collected 59 gold pieces.

Inventory:

Hand Weapons
 a - a +0 flail (weapon)
Armour
 b - a +0 scale mail (worn)
 c - a +0 buckler (worn)
Jewellery
 k - a +6 ring of intelligence (left hand)
Wands
 o - a wand of iceblast (10)
Scrolls
 f - a scroll of enchant weapon {unknown}
 g - 2 scrolls of teleportation {unknown}
 i - 4 scrolls of identify {unknown}
 m - a scroll of silence {unknown}
 n - a scroll of revelation {unknown}
 p - a scroll of immolation {unknown}
 r - a scroll of butterflies {unknown}
 s - a scroll of noise {unknown}
 u - a scroll of fog {unknown}
Potions
 d - 2 potions of might
 e - a potion of curing {unknown}
 h - a potion of invisibility {unknown}
 j - 2 potions of degeneration {unknown}
 l - a potion of brilliance {unknown}
 q - a potion of haste {unknown}
 t - a potion of enlightenment {unknown}


   Skills:
 + Level 4.4 Fighting
 + Level 3.2 Maces & Flails
 + Level 4.4 Armour
 - Level 3.4 Shields


You had 4 spell levels left.
You didn't know any spells.
Your spell library was empty.

Dungeon Overview and Level Annotations

Branches:
Dungeon (3/15)

Altars:


Innate Abilities, Weirdness & Mutations

You are immune to sickness and miasma.
Your stone body is resilient. (AC +4)
You are immune to poison.
You resist negative energy. (rN+)
You are resistant to electric shocks. (rElec)
You are resistant to unholy torment.
You are immune to petrification.


Message History

The jackal is heavily wounded.
The jackal barely misses you. x2
You sock the jackal!
You kill the jackal!
You hit the iguana but do no damage. The iguana bites you.
You block the iguana's attack.
You closely miss the iguana.
The iguana bites you but does no damage.
You hit the iguana.
The iguana is moderately wounded.
You block the iguana's attack.
You barely miss the iguana.
The iguana is moderately wounded.
The iguana bites you but does no damage.
You closely miss the iguana.
The iguana is moderately wounded.
The iguana bites you!
The iguana bites you but does no damage.
You barely miss the iguana.
The iguana is moderately wounded.
The iguana closely misses you.
You hit the iguana.
The iguana is severely wounded.
The iguana bites you!
You sock the iguana!
You kill the iguana!
You have reached level 5!
You hit the gnoll.
The gnoll is lightly wounded.
The gnoll hits you with a +0 whip.
You sock the gnoll!
You kill the gnoll!
The gnoll hits you from afar with a +0 halberd.
* * * LOW HITPOINT WARNING * * *
You block the rat's attack.
You completely miss the rat. You block the gnoll's attack.
The rat bites you but does no damage.
You barely miss the rat. The rat barely misses you.
The gnoll hits you from afar with a +0 halberd!
You die...

#.# .# #.#
###.## ## #.#
#.... .# # #.#
#..# .#.#
#.#######..#
.#.
#....#.....# ..
..###.......#
.# #.
###.##..#####.#
#.
#.##$...gr@.#
#.
#.###...#####
#. #.# #...# ##
#....r..#
.####..l# .
#..g# #.<.#
.....


You could see a gnoll and a rat.

Vanquished Creatures
  An iguana (D:3)
  3 adders
  3 gnolls (D:3)
  3 dart slugs
  4 ball pythons
  2 endoplasms (D:1)
  4 giant cockroaches (D:1)
  3 goblins
  A hobgoblin (D:1)
  6 jackals
  A quokka (D:1)
  2 bats
  2 frilled lizards (D:2)
  3 kobolds
  4 rats
42 creatures vanquished.

Notes
Turn   | Place    | Note
-------+----------+-------------------------------------------
     0 | D:1      | Doomgape the Gargoyle Fighter began the quest for the Orb.
     0 | D:1      | Reached XP level 1. HP: 14/14 MP: 1/1
    97 | D:1      | Reached XP level 2. HP: 19/19 MP: 2/2
   567 | D:1      | Reached XP level 3. HP: 15/24 MP: 3/3
  1383 | D:2      | Reached XP level 4. HP: 23/29 MP: 4/4
  1734 | D:3      | Reached XP level 5. HP: 14/34 MP: 5/5
  1737 | D:3      | Slain by a gnoll

Illustrated notes

Levels and vault maps discovered:
D:1:      dpeg_arrival_prison, layout_loops_ring
D:2:      layout_basic
D:3:      layout_loops_cross, xom_redecorated

Skill      XL: |  1  2  3  4 |
---------------+-------------+-----
Fighting       | 4 |  4.4
Armour         | 4 |  4.4
Maces & Flails | 3 |  3.2
Shields        | |  3.4

Action                     |  1- 3 |  4- 6 || total
---------------------------+-------+-------++-------
  Melee: Flail             |   120 |    41 ||   161
 Armour: Scale mail        |    83 |    26 ||   109
  Dodge: Dodged            |    58 |    20 ||    78
  Block: Buckler           |    27 |    10 ||    37
